AoeStats
← Random

African Clearing

505115746Analyzed
4v4 RM · 25d ago on Sep 7, 2026· 42m 51s· 8 players
Game mode
Random Map
Map size
Large (8 player)
Population
200
Speed
Normal
Resources
Standard
Victory
Conquest
Starting age
Dark Age
Ending age
Imperial Age
RankedLock teamsTeams togetherTeam positionsShared explorationLock speedFull tech treeHidden civsTurbo modeCheats
Victory
Defeat
🇨🇴 Turks · Colombia
1614
+12
🇺🇸 Dravidians · United States
1594
+13
🇺🇸 Malay · United States
1583
+13
🇺🇸 Slavs · United States
1559
+14
🇺🇸 Persians · United States
1532
-13
🇲🇽 Portuguese · Mexico
1524
-13
🇹🇼 Cumans · Taiwan
1523
-13
🇦🇷 Magyars · Argentina
1513
-13
sliu132
6:11 Loom
13:09 Feudal Age
17:19 Fletching
29:26 Castle Age
37:01 Wheelbarrow
39:40 Sanctity
42:17 Horse Collar
42:35 Double-Bit Axe
ashleylynn
11:49 Loom
14:08 Feudal Age
14:16 Double-Bit Axe
14:35 Town Watch
16:21 Wheelbarrow
20:01 Forging
23:52 Castle Age
22:52 Scale Barding Armor
23:42 Bow Saw
23:26 Horse Collar
26:32 Pikeman
27:13 Squires
29:39 Hand Cart
31:41 Iron Casting
33:01 Husbandry
33:35 Fletching
35:03 Town Patrol
35:01 Stone Mining
35:01 Gold Mining
35:06 Stone Mining
37:20 Stone Shaft Mining
37:21 Gold Shaft Mining
44:37 Imperial Age
42:55 Bodkin Arrow
43:00 Heavy Plow
43:03 Thalassocracy
Astronomical
4:58 Loom
14:21 Feudal Age
18:40 Castle Age
17:16 Fletching
19:35 Bodkin Arrow
31:26 Bodkin Arrow
32:24 Town Watch
37:56 Double-Bit Axe
42:08 Wheelbarrow
41:52 Bow Saw
41:40 Gold Mining
41:32 Horse Collar
Random
9:10 Loom
11:21 Feudal Age
12:30 Double-Bit Axe
16:05 Fletching
18:05 Horse Collar
23:26 Castle Age
24:03 Bodkin Arrow
23:30 Crossbowman
24:21 Bow Saw
24:11 Heavy Plow
30:19 Padded Archer Armor
31:07 Wheelbarrow
38:33 Imperial Age
36:55 Ballistics
37:53 Husbandry
38:35 Leather Archer Armor
39:37 Conscription
39:14 Gold Mining
40:59 Chemistry
40:44 Medical Corps
41:12 Bracer
41:28 Elite Elephant Archer
42:53 Thumb Ring
43:22 Ring Archer Armor
43:04 Masonry
PaRappa56
4:15 Loom
12:01 Feudal Age
11:57 Man-at-Arms
16:50 Town Watch
18:12 Fletching
23:23 Wheelbarrow
24:25 Gold Mining
24:26 Stone Mining
24:45 Double-Bit Axe
28:20 Castle Age
27:38 Horse Collar
28:09 Crossbowman
28:49 Bodkin Arrow
29:10 Padded Archer Armor
35:16 Bow Saw
[GDL] Perro del Mal
8:21 Loom
8:35 Loom
10:49 Feudal Age
11:56 Double-Bit Axe
12:47 Fletching
14:27 Padded Archer Armor
19:34 Double-Bit Axe
20:48 Wheelbarrow
20:01 Town Watch
25:48 Castle Age
24:58 Gold Mining
25:56 Crossbowman
27:19 Bodkin Arrow
34:03 Bow Saw
33:45 Horse Collar
35:04 Wheelbarrow
36:54 Ballistics
42:23 Imperial Age
40:41 Sanctity
40:35 Fervor
41:20 Leather Archer Armor
41:42 Redemption
42:29 Devotion
44:07 Chemistry
PWLG | Legend
11:58 Feudal Age
13:05 Loom
14:55 Horse Collar
15:05 Double-Bit Axe
15:32 Scale Barding Armor
17:00 Bloodlines
18:45 Wheelbarrow
23:46 Castle Age
24:57 Chain Barding Armor
23:59 Light Cavalry
30:05 Bow Saw
33:52 Town Watch
38:20 Husbandry
40:59 Hand Cart
yenyang
Connection lost

Rejoining the realm…

Still unreachable

The connection could not be restored.

Session expired

The server has moved on; the page needs a fresh start.